 Dungeon Crawl Stone Soup version 0.29.0-5-ge4962eb29e (webtiles) character file.

Game seed: 14617399594490026283

38200 browni3141 the Brawler (level 13, -4/127 HPs)
             Began as a Troll Cinder Acolyte on Aug 29, 2022.
             Was an Initiate of Ignis.
             Slain by a two-headed ogre
             ... wielding a +0 giant spiked club
              (26 damage)
             ... on level 2 of the Orcish Mines.
             The game lasted 00:31:09 (13241 turns).

browni3141 the Brawler (Troll Cinder Acolyte)      Turns: 13241, Time: 00:31:10

Health: -4/127     AC: 11    Str: 29    XL:     13   Next: 62%
Magic:  13/13      EV: 10    Int: 10    God:    Ignis [......]
Gold:   1295       SH:  0    Dex:  5    Spells: 14/14 levels left

rFire   + . .      SeeInvis +     - Unarmed
rCold   . . .      Faith    .   (no shield)
rNeg    + . .      Spirit   .   r - +0 troll leather armour
rPois   .          Reflect  .   (helmet restricted)
rElec   .          Harm     .   x - +0 cloak
rCorr   .          Rampage  .   (gloves unavailable)
Will    .....                   (boots unavailable)
Stlth   +.........              B - amulet of Qoybb {Acrobat rN+}
HPRegen 1.91/turn               O - +4 ring of protection
MPRegen 0.13/turn               v - ring of see invisible

@: no status effects
A: large, unfitting armour, claws 3, regeneration 1, shaggy fur 1, tough skin 1
a: Renounce Religion


You were on level 2 of the Orcish Mines.
You worshipped Ignis.
Ignis was noncommittal.
You visited 3 branches of the dungeon, and saw 16 of its levels.
You also visited: Sewer and Ice Cave.

You collected 1373 gold pieces.
You spent 78 gold pieces at shops.


Innate Abilities, Weirdness & Mutations

You are too large for most types of armour.
You have claws for hands.
Your natural rate of healing is unusually fast.
You are covered in fur. (AC +1)
You have tough skin. (AC +1)


   Skills:
 - Level 8.0 Fighting
 - Level 6.0 Throwing
 * Level 6.8 Dodging
 * Level 7.4 Shields
 - Level 17.0 Unarmed Combat
 - Level 1.0 Spellcasting
 - Level 2.1 Fire Magic
 - Level 4.0 Evocations


You had 14 spell levels left.
You didn't know any spells.
Your spell library contained the following spells:

 Spells                   Type           Power      Damage    Failure   Level
 Foxfire                  Conj/Fire      8%         2x1d4     24%         1
 Scorch                   Fire           8%         2d5       24%         2
 Beastly Appendage        Tmut           0%         N/A       36%         1
 Sandblast                Erth           0%         2d4       36%         1
 Blink                    Tloc           0%         N/A       50%         2
 Ensorcelled Hibernation  Hex/Ice        0%         N/A       50%         2
 Passwall                 Tmut/Erth      0%         N/A       50%         2
 Sublimation of Blood     Necr           0%         N/A       50%         2
 Wereblood                Tmut           0%         N/A       50%         2
 Conjure Flame            Conj/Fire      2%         6-21      58%         3
 Inner Flame              Hex/Fire       2%         N/A       58%         3
 Lesser Beckoning         Tloc           0%         N/A       75%         3
 Spider Form              Tmut/Pois      0%         N/A       75%         3
 Stone Arrow              Conj/Erth      0%         3d7       75%         3
 Swiftness                Air            0%         N/A       75%         3
 Flame Wave               Conj/Fire      2%         2d4       94%         4
 Petrify                  Tmut/Erth      0%         N/A       98%         4
 Summon Ice Beast         Ice/Summ       0%         N/A       98%         4
 Irradiate                Conj/Tmut      0%         3d11      100%        5
 Manifold Assault         Tloc           0%         N/A       100%        5
 Summon Mana Viper        Hex/Summ       0%         N/A       100%        5
 Monstrous Menagerie      Summ           0%         N/A       100%        7
 Chain Lightning          Conj/Air       0%         N/A       100%        9
 Fire Storm               Conj/Fire      1%         7d1       100%        9
 Shatter                  Erth           0%         3d5*      100%        9

Inventory:

Missiles
 h - 9 poisoned darts {@f3}
 H - 2 javelins (quivered)
 I - 11 large rocks
 S - 2 curare-tipped darts {@f4}
 Y - 2 throwing nets
Armour
 r - a +0 troll leather armour (worn)
 x - a +0 cloak (worn)
 R - a +0 kite shield
Jewellery
 v - a ring of see invisible (right claw)
 B - the amulet of Qoybb (around neck) {Acrobat rN+}
   (You found it in an ice cave)

   [amulet of the acrobat]

   It increases your evasion while moving and waiting.
   rN:        It protects you from negative energy.
 F - a ring of protection from fire
 O - a +4 ring of protection (left claw)
 Z - a ring of wizardry
Wands
 o - a wand of roots (15)
 L - a wand of flame (8)
 P - a wand of quicksilver (8)
 V - a wand of polymorph (12)
Scrolls
 b - 9 scrolls of teleportation {@r4}
 d - 4 scrolls of vulnerability {!r}
 f - 4 scrolls of amnesia
 g - a scroll of acquirement {unknown}
 k - 3 scrolls of butterflies {unknown}
 l - a scroll of poison {unknown}
 q - a scroll of silence {unknown}
 s - 3 scrolls of noise {!r}
 w - 3 scrolls of magic mapping
 y - a scroll of immolation {!r}
 A - a scroll of torment {unknown}
 E - a scroll of brand weapon {unknown}
 G - 4 scrolls of enchant weapon {unknown}
 K - 3 scrolls of enchant armour {unknown}
 M - 2 scrolls of fear {unknown}
 N - 2 scrolls of summoning {unknown}
 Q - 6 scrolls of identify {@r1}
 W - 2 scrolls of blinking {unknown}
Potions
 a - 7 potions of attraction {unknown}
 c - 2 potions of flight
 e - a potion of heal wounds {@q2}
 i - 4 potions of magic {unknown}
 j - a potion of ambrosia
 m - 5 potions of curing {@q1}
 n - 7 potions of degeneration {!q}
 p - 2 potions of mutation {unknown}
 t - 3 potions of resistance {unknown}
 z - 2 potions of cancellation {unknown}
 C - 2 potions of berserk rage {unknown}
 D - 3 potions of might {unknown}
 J - 2 potions of haste {unknown}
 T - a potion of brilliance {unknown}
 U - a potion of invisibility {unknown}
Miscellaneous
 X - a box of beasts (inert)

Dungeon Overview and Level Annotations

Branches:
Dungeon (13/15)            Temple (1/1) D:5            Lair (0/5) D:11
    Orc (2/2) D:12            Elf (0/3) Orc:2         Sewer (visited)
  IceCv (visited)
 Vaults: D:13-14

Altars:
Ashenzari
Cheibriados
Dithmenos
Elyvilon
Fedhas
Gozag
Hepliaklqana
Kikubaaqudgha
Makhleb
Nemelex Xobeh
Okawaru
Qazlal
Ru
Sif Muna
Trog
Uskayaw
Vehumet
Wu Jian
Xom
Yredelemnul
Zin
The Shining One

Shops:
D:3 !   D:5 [

Annotations:
D:2 1 runed translucent door, Crazy Yiuf
D:13 3 runed translucent doors, Dittersdorf's ghost, journeyman MiBe

........#.........#.##
...#..>..#...........### ..
. ##...........#.##.##.##
.. #...[..........##.....#
.. ##.#..)).............##
.. ##.))))....##..#..#.##
.. ###<).....##........# ##
## #######....###.†.....##
##..##(.#.####@.####)######
#.....C.)).###OT#.......#
#......#.....T.#.......#
#.......##.....##.......#
##.O...#####.####≈~~~~~≈#
#..O.. ### #≈≈≈≈≈≈≈#
....... ######### ..O.TT.
C......


You could see a two-headed ogre, a deep troll and a troll.


Message History

Press: ? - help, Q - select action, (/) - cycle Shift-Dir - straight line, f - troll
Aim: a troll (60% to hit)
You throw a javelin.
The javelin pierces through the two-headed ogre!
The two-headed ogre is almost dead.
The javelin completely misses the deep troll.
The javelin barely misses the troll.
Unknown command.
You scratch the two-headed ogre but do no damage.
The two-headed ogre is almost dead.
The two-headed ogre closely misses you. x2
You barely miss the two-headed ogre.
The two-headed ogre is almost dead.
The two-headed ogre attacks as you move away!
The two-headed ogre hits you with a +0 giant spiked club!
* * * LOW HITPOINT WARNING * * *
The two-headed ogre hits you with a +0 giant club!
* * * LOW HITPOINT WARNING * * *
You barely miss the two-headed ogre.
The two-headed ogre is almost dead.
Unknown command.
You scratch the two-headed ogre but do no damage.
The two-headed ogre is almost dead.
The two-headed ogre hits you with a +0 giant spiked club!
* * * LOW HITPOINT WARNING * * *
The two-headed ogre barely misses you.
Unknown command.
You feel much better.
The two-headed ogre hits you with a +0 giant spiked club!!
You die...

Skill      XL: |  1  2  3  4  5  6  7  8  9 10 11 12 13 |
---------------+----------------------------------------+-----
Unarmed Combat | 4 5 6 7 8 10 12 14 16 17 | 17.0
Fighting       | 3 4 5 7 8 |  8.0
Throwing       | 1 4 6 |  6.0
Evocations     | 2 4 |  4.0
Dodging        | 1 4 6 |  6.8
Shields        | 2 5 7 |  7.4
Spellcasting   | |  1.0
Fire Magic     | |  2.1

Action                   |  1- 3 |  4- 6 |  7- 9 | 10-12 | 13-15 || total
-------------------------+-------+-------+-------+-------+-------++-------
Melee: Unarmed           |   125 |    85 |   258 |   449 |   217 ||  1134
       Punch             |     1 |     2 |     7 |    41 |    16 ||    67
Throw: Dart              |       |       |    11 |    29 |     8 ||    48
       Javelin           |       |       |       |       |     3 ||     3
Invok: Foxfire Swarm     |       |     1 |     2 |     4 |       ||     7
       Fiery Armour      |       |       |       |     3 |       ||     3
       Rising Flame      |       |       |       |     1 |       ||     1
Evoke: Wand              |       |       |       |    62 |    13 ||    75
       Box of beasts     |       |       |       |     1 |     1 ||     2
  Use: Scroll            |     1 |       |     5 |       |       ||     6
       Potion            |       |       |     3 |     4 |     1 ||     8
Armor: Robe              |    53 |    36 |   100 |    45 |       ||   234
       Skin              |       |       |     7 |       |       ||     7
       Troll leather arm |       |       |       |   185 |    72 ||   257
Dodge: Dodged            |    54 |    38 |   103 |   348 |   126 ||   669

Levels and vault maps discovered:
D:1:      tarquinn_simple_flora_water_d, layout_basic
D:2:      layout_loops_ring, basic_altar,
          shapermc_ecumenical_altar_starsandcircs, uniq_crazy_yiuf_cottage
D:3:      layout_basic, serial_shops, shop_fountains
D:4:      layout_gridville, hex_medium, hangedman_abyss_or_decor_stabs,
          uniq_eustachio
D:5:      cheibrodos_quashed, layout_basic, minmay_temple_entry_butterflies,
          serial_shops, shop, gup_sewer_entry_glass
D:6:      layout_loops_ring, nicolae_hepliaklqana_hazy_memory, uniq_grinder
D:7:      layout_loops_ring, zin_treasury, kennysheep_generic_room_5
D:8:      layout_rooms, nemelex_spade_bored_becter, elyvilon_altar_5,
          nicolae_overflow_hallway_of_the_gods, minmay_misc_feat_pillars,
          uniq_prince_ribbit1
D:9:      layout_long_grid, ashenzari_altar_1, grunt_decor_arrowhead,
          minmay_three_doors, uniq_harold
D:10:     layout_gridville
D:11:     layout_cave_pools, due_lair_maze_entry_diamond
D:12:     layout_cross, orc_0_dummy, moated_statue
D:13:     layout_roguey, hangedman_vaults_entry_quadrant_bands,
          gammafunk_ghost_nasty_kobolds, serial_ice, serial_ice_c, serial_ice_d,
          serial_ice_j, serial_ice_b, portal_ice_cave_rime,
          hangedman_corner_corridor
Temple:   nicolae_temple_hex_pool
Orc:1:    layout_caves, uniq_jorgrun
Orc:2:    st_orc_open, layout_diamond_mine, mines5_lemuel

Notes
Turn   | Place    | Note
-------+----------+-------------------------------------------
     0 | D:1      | browni3141 the Troll Cinder Acolyte began the quest for the
                  | Orb.
     0 | D:1      | Reached XP level 1. HP: 22/22 MP: 1/1
    49 | D:1      | Reached XP level 2. HP: 29/29 MP: 2/2
   371 | D:1      | Reached skill level 4 in Unarmed Combat
   501 | D:1      | Reached XP level 3. HP: 16/36 MP: 3/3
  1184 | D:2      | Found an ancient bone altar of Kikubaaqudgha.
  1309 | D:2      | Found a faded altar of an unknown god.
  1462 | D:2      | Found a runed translucent door.
  1463 | D:2      | Noticed Crazy Yiuf
  1914 | D:3      | Found Gavol's Distillery.
  1921 | D:3      | Bought a potion of heal wounds for 65 gold pieces
  1921 | D:3      | Bought a potion of degeneration for 13 gold pieces
  1948 | D:3      | Reached XP level 4. HP: 44/44 MP: 4/4
  2512 | D:4      | Reached skill level 3 in Fighting
  2513 | D:4      | Noticed Eustachio
  2543 | D:4      | Reached skill level 5 in Unarmed Combat
  2545 | D:4      | Killed Eustachio
  2546 | D:4      | Reached XP level 5. HP: 30/53 MP: 5/5
  2703 | D:4      | Reached skill level 6 in Unarmed Combat
  2703 | D:4      | Reached XP level 6. HP: 55/62 MP: 6/6
  2945 | D:4      | Reached skill level 4 in Fighting
  3206 | D:5      | Entered Level 5 of the Dungeon
  3267 | D:5      | Reached skill level 7 in Unarmed Combat
  3267 | D:5      | Reached XP level 7. HP: 34/70 MP: 7/7
  3294 | D:5      | Found a staircase to the Ecumenical Temple.
  3422 | D:5      | Found a glowing drain.
  3452 | Sewer    | Entered a sewer
  3513 | Sewer    | Reached skill level 1 in Throwing
  3672 | D:5      | Found Nieclim's Antique Armour Shoppe.
  3688 | D:5      | Reached skill level 8 in Unarmed Combat
  3688 | D:5      | Reached XP level 8. HP: 28/79 MP: 8/8
  4009 | Temple   | Entered the Ecumenical Temple
  4129 | D:6      | Reached skill level 2 in Throwing
  4153 | D:6      | Found a hazy altar of Hepliaklqana.
  4163 | D:6      | Reached skill level 5 in Fighting
  4326 | D:6      | Reached skill level 9 in Unarmed Combat
  4331 | D:6      | Reached skill level 3 in Throwing
  4387 | D:6      | Noticed Grinder
  4422 | D:6      | Killed Grinder
  4905 | D:7      | Reached skill level 4 in Throwing
  4905 | D:7      | Reached skill level 10 in Unarmed Combat
  4905 | D:7      | Reached XP level 9. HP: 85/88 MP: 9/9
  5702 | D:7      | Found a glowing silver altar of Zin.
  6101 | D:8      | Reached skill level 5 in Throwing
  6101 | D:8      | Reached skill level 11 in Unarmed Combat
  6211 | D:8      | Found a white marble altar of Elyvilon.
  6270 | D:8      | Found a sparkling altar of Nemelex Xobeh.
  6294 | D:8      | Found an ornate altar of the Wu Jian Council.
  6299 | D:8      | Found a snail-covered altar of Cheibriados.
  6302 | D:8      | Found a stormy altar of Qazlal.
  6307 | D:8      | Found a shimmering altar of Xom.
  6313 | D:8      | Found an opulent altar of Gozag.
  6401 | D:8      | Noticed Prince Ribbit
  6419 | D:8      | Killed Prince Ribbit
  6646 | D:9      | Found a broken altar of Ashenzari.
  6887 | D:9      | Paralysed by a hornet for 1 turns
  6891 | D:9      | Reached skill level 6 in Throwing
  6891 | D:9      | Reached skill level 12 in Unarmed Combat
  6891 | D:9      | Reached XP level 10. HP: 74/96 MP: 10/10
  6899 | D:9      | Identified the +10 whip of Conscience {vorpal, Int+5}
  6919 | D:9      | Noticed a centaur warrior
  6931 | D:9      | Killed a centaur warrior
  6986 | D:9      | Noticed a death knight
  6997 | D:9      | Killed a death knight
  6998 | D:9      | Reached skill level 13 in Unarmed Combat
  7289 | D:9      | Noticed Harold
  7474 | D:9      | Noticed a two-headed ogre
  7487 | D:9      | Killed a two-headed ogre
  7488 | D:9      | Reached skill level 14 in Unarmed Combat
  7549 | D:9      | Killed Harold
  7673 | D:10     | Entered Level 10 of the Dungeon
  7959 | D:10     | Reached XP level 11. HP: 87/102 MP: 11/11
  7971 | D:10     | Noticed a centaur warrior
  7977 | D:10     | Killed a centaur warrior
  7978 | D:10     | Reached skill level 15 in Unarmed Combat
  8207 | D:11     | Noticed a green ugly thing
  8265 | D:11     | Found a staircase to the Lair.
  8472 | D:11     | Killed a green ugly thing
  8544 | D:11     | Reached skill level 16 in Unarmed Combat
  8619 | D:11     | HP: 8/102 [killer bee (7)]
  8667 | D:11     | Reached skill level 1 in Evocations
  8929 | D:11     | Reached skill level 2 in Evocations
  9014 | D:12     | Noticed a two-headed ogre
  9044 | D:12     | Found a staircase to the Orcish Mines.
  9174 | D:12     | Noticed a boulder beetle
  9178 | D:12     | Reached skill level 1 in Dodging
  9178 | D:12     | Reached skill level 1 in Shields
  9205 | D:12     | Killed a boulder beetle
  9239 | D:12     | Noticed a catoblepas
  9240 | D:12     | Noticed a cyan ugly thing
  9258 | D:12     | Killed a catoblepas
  9259 | D:12     | Reached skill level 2 in Shields
  9266 | D:12     | Killed a cyan ugly thing
  9267 | D:12     | Reached XP level 12. HP: 32/111 MP: 12/12
  9379 | D:12     | Reached skill level 2 in Dodging
  9399 | D:12     | Killed a two-headed ogre
  9400 | D:12     | Reached skill level 3 in Evocations
  9468 | D:13     | Noticed a boulder beetle
  9476 | D:13     | Killed a boulder beetle
  9486 | D:13     | Reached skill level 3 in Shields
  9570 | D:13     | Found a runed translucent gate.
  9571 | D:13     | Found a runed translucent gate.
  9572 | D:13     | Found a runed translucent gate.
  9572 | D:13     | Noticed Dittersdorf's ghost (journeyman MiBe)
  9604 | D:13     | Found a frozen archway.
  9616 | D:13     | Noticed a centaur warrior
  9626 | D:13     | Killed a centaur warrior
  9627 | D:13     | Reached skill level 6 in Fighting
  9627 | D:13     | Reached skill level 3 in Dodging
  9663 | IceCv    | Entered an ice cave
 10485 | IceCv    | Reached skill level 17 in Unarmed Combat
 10522 | IceCv    | Identified a +1 leather armour of resistance
 10523 | IceCv    | Identified the amulet of Qoybb {Acrobat rN+}
 10606 | IceCv    | Reached skill level 4 in Evocations
 10667 | IceCv    | Reached skill level 4 in Shields
 11264 | D:13     | Identified the +5 ring mail of Kiman {rC- Regen+ Dex+8}
 11484 | D:13     | Reached skill level 4 in Dodging
 11484 | D:13     | Noticed a centaur warrior
 11496 | D:13     | Killed a centaur warrior
 11598 | D:13     | Noticed a two-headed ogre
 11601 | D:13     | Noticed a two-headed ogre
 11663 | D:13     | Reached skill level 7 in Fighting
 11663 | D:13     | Reached skill level 5 in Shields
 11740 | D:13     | Noticed a five-headed hydra
 11741 | D:13     | Noticed a centaur warrior
 11838 | D:13     | Reached XP level 13. HP: 85/124 MP: 13/13
 11962 | D:13     | Reached skill level 5 in Dodging
 12119 | D:13     | Noticed a purple very ugly thing
 12211 | Orc:1    | Entered Level 1 of the Orcish Mines
 12235 | Orc:1    | Reached skill level 6 in Shields
 12541 | Orc:2    | Entered Level 2 of the Orcish Mines
 12713 | Orc:2    | Found a staircase to the Elven Halls.
 12730 | Orc:2    | Reached skill level 8 in Fighting
 12738 | Orc:2    | Reached skill level 6 in Dodging
 12826 | Orc:1    | HP: 12/127 [orc knight/+0 battleaxe (21)]
 13115 | Orc:2    | Reached skill level 7 in Shields
 13237 | Orc:2    | HP: 12/127 [two-headed ogre/+0 giant spiked club (17)]
 13240 | Orc:2    | HP: 1/127 [two-headed ogre/+0 giant spiked club (17)]
 13241 | Orc:2    | Slain by a two-headed ogre

Vanquished Creatures
  3 boulder beetles
  An ogre mage (Orc:1)
  Harold (D:9)
  A catoblepas (D:12)
  4 centaur warriors
  A death knight (D:9)
  7 two-headed ogres
  A bog body (IceCv)
  A deep elf archer (D:13)
  2 deep elf pyromancers
  2 orc knights
  An orc sorcerer (Orc:1)
  4 ugly things
  5 manticores
  3 cyclopes
  An ice statue (IceCv)
  2 gargoyles
  An unseen horror (D:12)
  2 komodo dragons (D:11)
  2 rime drakes (D:13)
  2 anaconda simulacra (IceCv)
  2 tengu conjurers (D:13)
  7 trolls
  Prince Ribbit (D:8)
  Grinder (D:6)
  A hornet (D:9)
  2 centaur simulacra (D:13)
  4 shadows
  2 dire elephant simulacra (IceCv)
  A water elemental (D:13)
  15 yaks
  A basilisk (D:13)
  Eustachio (D:4)
  2 vampire mosquitoes (D:12)
  2 steam dragons
  2 harpy simulacra (IceCv)
  6 wargs (Orc:2)
  6 water moccasins
  2 acid dragons
  A hydra simulacrum (IceCv)
  14 orc warriors
  4 ice beasts
  2 black bears
  A sky beast (D:8)
  15 ogres
  5 wolves
  7 centaurs
  2 necrophages
  4 bullfrogs
  2 two-headed ogre simulacra (IceCv)
  4 cane toad simulacra (IceCv)
  3 scorpions
  9 wights
  12 killer bees
  2 howler monkeys
  A jelly (D:5)
  13 orc priests
  2 hounds (D:4)
  2 iguanas
  15 orc wizards
  A polar bear simulacrum (IceCv)
  4 troll simulacra (IceCv)
  3 spriggan simulacra (IceCv)
  4 wolf simulacra (IceCv)
  10 adders
  6 naga simulacra (IceCv)
  13 white imps
  7 ufetubi
  4 worms
  5 dart slugs
  46 orcs
  4 endoplasms
  9 giant cockroaches
  5 goblins
  4 hobgoblins
  7 jackals
  3 quokkas
  9 ball pythons
  5 bats
  6 frilled lizards
  4 kobolds (D:1)
  7 rats
391 creatures vanquished.

Vanquished Creatures (collateral kills)
  A hydra (D:13)
  A deep elf pyromancer (D:13)
  A centaur (D:13)
  2 elephant simulacra (IceCv)
  A killer bee (D:11)
6 creatures vanquished.

Vanquished Creatures (others)
  A centaur warrior (D:13)
  2 two-headed ogres (D:13)
  A bog body (IceCv)
  A komodo dragon (D:13)
  A yak (D:9)
  A wolf simulacrum (IceCv)
  118 foxfires
  25 fungi (D:11)
  24 plants (D:11)
174 creatures vanquished.

Grand Total: 571 creatures vanquished

Table legend: (Time is in decaauts)
 A = Elapsed time spent in this place.
 B = Non-inter-level travel time spent in this place.
 C = Inter-level travel time spent in this place.
 D = Time resting spent in this place.
 E = Time spent auto-exploring this place.
 F = Levels seen in this place.
 G = Mean time per level.
                   A        B        C        D        E       F      G
               +--------+--------+--------+--------+--------+-----+--------+
         Total |  12979 |  12458 |    521 |    919 |   8246 |  18 |  721.1 |
       Dungeon |  10365 |   9927 |    438 |    326 |   7247 |  13 |  797.3 |
        Temple |    100 |     81 |     19 |      0 |     62 |   1 |  100.0 |
  Orcish Mines |    840 |    776 |     64 |     94 |    349 |   2 |  420.0 |
         Sewer |    117 |    117 |      0 |      0 |     75 |   1 |  117.0 |
      Ice Cave |   1554 |   1554 |      0 |    499 |    513 |   1 | 1554.0 |
               +--------+--------+--------+--------+--------+-----+--------+

Top non-repeatable levels by time:
   IceCv: 1554 daAuts
     D:7: 1108 daAuts
    D:13: 1037 daAuts
     D:1: 988 daAuts
     D:9: 940 daAuts
     D:2: 802 daAuts
    D:11: 743 daAuts
     D:6: 729 daAuts
     D:8: 724 daAuts
     D:3: 700 daAuts
     D:4: 695 daAuts
     D:5: 694 daAuts
    D:10: 612 daAuts
    D:12: 587 daAuts
   Orc:1: 516 daAuts

Table legend:
 A = Non-vault XP
 B = Vault XP
 C = Vault XP percentage of total XP
 D = Non-vault monster count
 E = Vault monster count
 F = Vault count percentage of total count
                 A         B        C        D         E       F
            +---------+---------+-------+---------+---------+-------
      Total |   34598 |   19974 |  36.6 |     279 |     120 |  30.1
            +---------+---------+-------+---------+---------+-------
        D:1 |      61 |       0 |   0.0 |      33 |       0 |   0.0
        D:2 |      27 |       0 |   0.0 |      13 |       0 |   0.0
        D:3 |      41 |       0 |   0.0 |      15 |       0 |   0.0
        D:4 |     356 |     182 |  33.8 |      14 |       1 |   6.7
        D:5 |     679 |      30 |   4.2 |      15 |       4 |  21.1
        D:6 |     940 |     286 |  23.3 |      13 |       1 |   7.1
        D:7 |     912 |       0 |   0.0 |      15 |       0 |   0.0
        D:8 |     993 |     296 |  23.0 |      15 |       1 |   6.2
        D:9 |    2259 |    2805 |  55.4 |      22 |       4 |  15.4
       D:10 |    1923 |     459 |  19.3 |       6 |       4 |  40.0
       D:11 |    5133 |     823 |  13.8 |      26 |       5 |  16.1
       D:12 |    6466 |     595 |   8.4 |      22 |       1 |   4.3
       D:13 |    6029 |    7470 |  55.3 |      11 |      29 |  72.5
      Orc:1 |    6481 |       0 |   0.0 |      27 |       0 |   0.0
      Orc:2 |    2298 |    2830 |  55.2 |      32 |      17 |  34.7
      Sewer |       0 |     155 | 100.0 |       0 |       2 | 100.0
      IceCv |       0 |    4043 | 100.0 |       0 |      51 | 100.0
            +---------+---------+-------+---------+---------+-------
